 Dungeon Crawl Stone Soup version 0.29-a0-1006-g0dd7720b37 (webtiles) character file.

Game seed: 976441691730777078

84 xian the Trooper (level 4, -5/40 HPs)
             Began as a Draconian Fighter on Aug 6, 2022.
             Slain by a gnoll
             ... wielding a +0 spear
              (6 damage)
             ... on level 3 of the Dungeon.
             The game lasted 00:04:34 (2325 turns).

xian the Trooper (Draconian Fighter)                Turns: 2325, Time: 00:04:34

Health: -5/40      AC:  5    Str: 20    XL:     4   Next: 24%
Magic:  4/4        EV: 12    Int:  9    God:
Gold:   93         SH:  4    Dex: 10    Spells: 3/3 levels left

rFire   . . .      SeeInvis .   a - +0 flail
rCold   . . .      Faith    +   b - +0 buckler
rNeg    . . .      Spirit   .   (body armour unavailable)
rPois   .          Reflect  .   (helmet restricted)
rElec   .          Harm     .   (no cloak)
rCorr   .          Rampage  .   (no gloves)
Will    .....                   (no boots)
Stlth   +.........              e - amulet of faith
HPRegen 0.13/turn               (no ring)
MPRegen 0.09/turn               (no ring)

@: mighty
A: AC +5, unfitting armour, cold-blooded
a: no special abilities


You were on level 3 of the Dungeon.
You visited 1 branch of the dungeon, and saw 3 of its levels.

You collected 93 gold pieces.

Inventory:

Hand Weapons
 a - a +0 flail (weapon)
Armour
 b - a +0 buckler (worn)
Jewellery
 e - an amulet of faith (around neck)
 f - a ring of fire
Scrolls
 g - a scroll of enchant weapon
 h - a scroll of fog
 n - a scroll of blinking {unknown}
Potions
 c - 3 potions of might
 d - a potion of cancellation
 i - a potion of brilliance {unknown}
 j - a potion of heal wounds {unknown}
 k - a potion of lignification {unknown}
 l - a potion of curing
 m - a potion of flight {unknown}


   Skills:
 + Level 3.7 Fighting
 + Level 2.8 Maces & Flails
 + Level 3.5 Dodging
 + Level 0.2 Stealth
 + Level 3.5 Shields


You had 3 spell levels left.
You didn't know any spells.
Your spell library contained the following spells:

 Spells                   Type           Power      Damage    Failure   Level
 Blink                    Tloc           0%         N/A       63%         2
 Confusing Touch          Hex            0%         N/A       85%         3
 Lesser Beckoning         Tloc           0%         N/A       85%         3
 Manifold Assault         Tloc           0%         N/A       100%        5
 Yara's Violent Unravell  Hex/Tmut       0%         3d3       100%        5
 Enfeeble                 Hex            0%         N/A       100%        7


Dungeon Overview and Level Annotations

Branches:
Dungeon (3/15)

Altars:


Innate Abilities, Weirdness & Mutations

Your plain brown scales are hard. (AC +5)
You cannot fit into any form of body armour.
You are cold-blooded and may be slowed by cold attacks.


Message History

You hit the gnoll.
The gnoll is severely wounded.
The gnoll closely misses you. The gnoll hits you with a +0 whip.
You barely miss the gnoll.
The gnoll is severely wounded.
You block the gnoll's attack.
The gnoll hits you from afar with a +0 spear.
You hit the gnoll but do no damage.
The gnoll is severely wounded.
You block the gnoll's attack. The gnoll hits you but does no damage.
The gnoll barely misses you. You block the gnoll's attack.
You thump the gnoll!
You kill the gnoll!
The gnoll closely misses you. The adder barely misses you.
You closely miss the adder. The adder bites you.
You are poisoned.
The adder poisons you!
The gnoll hits you from afar with a +0 spear.
* * * LOW HITPOINT WARNING * * *
The adder closely misses you.
Okay, then.
You feel very mighty all of a sudden.
You feel sick.
The gnoll hits you from afar with a +0 spear.
* * * LOW HITPOINT WARNING * * *
The adder barely misses you.
You feel better.
The gnoll hits you from afar with a +0 spear.
* * * LOW HITPOINT WARNING * * *
The adder bites you but does no damage.
You sock the adder!
Your tail-slap misses the adder.
The adder is heavily wounded.
The adder completely misses you.
The gnoll hits you from afar with a +0 spear!
* * * LOW HITPOINT WARNING * * *
The adder closely misses you.
You closely miss the adder. You tail-slap the adder.
You kill the adder!
The gnoll hits you from afar with a +0 spear.
You die...

.................#
...[.............##
<.#.###...........##
.##.# ..########..#
.##.# .## ##.# .##.#
..### #.# ###.#
....## #.# #.###
#..#####.#
#.##..####..g)@#.#
.........g#.#.#
..........#>..#
..........##..#
>....$...S#####
..........#
.........(#
..........#
..........#


You could see 2 gnolls.

Vanquished Creatures
  A gnoll (D:3)
  4 adders
  An orc (D:3)
  3 endoplasms
  5 goblins
  6 hobgoblins
  2 jackals (D:2)
  4 quokkas
  7 ball pythons
  4 bats (D:1)
  2 frilled lizards
  2 kobolds (D:3)
  A rat (D:1)
42 creatures vanquished.

Vanquished Creatures (others)
  2 plants (D:2)
2 creatures vanquished.

Grand Total: 44 creatures vanquished

Notes
Turn   | Place    | Note
-------+----------+-------------------------------------------
     0 | D:1      | xian the Draconian Fighter began the quest for the Orb.
     0 | D:1      | Reached XP level 1. HP: 19/19 MP: 1/1
   402 | D:1      | Reached XP level 2. HP: 23/26 MP: 2/2
  1330 | D:2      | Reached XP level 3. HP: 27/31 MP: 3/3
  1877 | D:2      | Found a faded altar of an unknown god.
  2236 | D:3      | Reached XP level 4. HP: 39/40 MP: 4/4
  2324 | D:3      | HP: 1/40 [gnoll/+0 spear (7)]
  2325 | D:3      | Slain by a gnoll

Illustrated notes

Levels and vault maps discovered:
D:1:      dpeg_arrival_tiny_h, layout_basic, minmay_hexomino_p4
D:2:      layout_loops_ring, basic_ecumenical_altar, serial_bayou_pond_b
D:3:      layout_rooms, grunt_decor_arrowhead

Skill      XL: |  1  2 |
---------------+-------+-----
Dodging        | 3 |  3.5
Fighting       | |  3.7
Maces & Flails | |  2.8
Stealth        | |  0.2
Shields        | |  3.5

Action                   |  1- 3 |  4- 6 || total
-------------------------+-------+-------++-------
Melee: Flail             |   107 |    21 ||   128
       Tailslap          |    15 |     2 ||    17
  Use: Scroll            |     5 |       ||     5
       Potion            |       |     2 ||     2
Armor: Skin              |    34 |     3 ||    37
Dodge: Dodged            |   104 |    16 ||   120
Block: Buckler           |    27 |     7 ||    34

Table legend: (Time is in decaauts)
 A = Elapsed time spent in this place.
 B = Non-inter-level travel time spent in this place.
 C = Inter-level travel time spent in this place.
 D = Time resting spent in this place.
 E = Time spent auto-exploring this place.
 F = Levels seen in this place.
 G = Mean time per level.
                   A        B        C        D        E       F      G
               +--------+--------+--------+--------+--------+-----+--------+
         Total |   2373 |   2285 |     88 |      0 |   1808 |   3 |  791.0 |
       Dungeon |   2373 |   2285 |     88 |      0 |   1808 |   3 |  791.0 |
               +--------+--------+--------+--------+--------+-----+--------+

Top non-repeatable levels by time:
     D:1: 1199 daAuts
     D:2: 1057 daAuts
     D:3: 116 daAuts
